 Dungeon Crawl Stone Soup version 0.19.5 (webtiles) character file.

235 tricornhat the Covered (level 5, 0/41 HPs)
             Began as a Demonspawn Fighter on Mar 20, 2017.
             Slain by tricornhat's ghost (7 damage)
             ... on level 3 of the Dungeon.
             The game lasted 00:10:48 (2155 turns).

tricornhat the Covered (Demonspawn Fighter)         Turns: 2155, Time: 00:10:48

Health: 0/41       AC:  7    Str: 16    XL:     5   Next: 76%
Magic:  5/5        EV:  7    Int: 10    God:
Gold:   190        SH: 14    Dex: 13    Spells: 0 memorised, 4 levels left

rFire  . . .     SeeInvis .     p - -1 falchion (curse)
rCold  . . .     Gourm    .     b - +0 scale mail
rNeg   . . .     Faith    .     c - +0 shield
rPois  .         Spirit   .     (no helmet)
rElec  .         Reflect  +     (no cloak)
rCorr  .         Harm     .     (no gloves)
MR     .....                    (no boots)
Stlth  ..........               g - +5 amulet of reflection
                                (no ring)
                                (no ring)

@: no status effects
A: claws 2, spiny 1
a: no special abilities


You were on level 3 of the Dungeon.
You were not hungry.

You visited 1 branch of the dungeon, and saw 3 of its levels.

You collected 190 gold pieces.

Inventory:

Hand Weapons
 a - a +0 long sword
 p - a cursed -1 falchion (weapon)
Armour
 b - a +0 scale mail (worn)
 c - a +0 shield (worn)
Jewellery
 g - a +5 amulet of reflection (around neck)
 k - an uncursed amulet of rage {unknown}
Scrolls
 i - a scroll of identify
 j - 3 scrolls of random uselessness
Potions
 d - a potion of might
 e - a potion of agility {unknown}
 h - a potion of brilliance {unknown}
 o - a potion of cancellation {unknown}
 q - a potion of flight {unknown}
Comestibles
 f - 2 bread rations
 m - a royal jelly


   Skills:
 + Level 3.4 Fighting
 + Level 3.6 Long Blades
 + Level 3.7 Armour
 + Level 1.0 Dodging
 + Level 3.5 Shields


You had 4 spell levels left.
You didn't know any spells.

Dungeon Overview and Level Annotations

Branches:
Dungeon (3/15)

Altars:

Annotations:
D:3 tricornhat's ghost, amateur DsFi


Innate Abilities, Weirdness & Mutations

You have very sharp fingernails.
You are partially covered in sharp spines.


Message History

You block tricornhat's ghost's attack.
You hit tricornhat's ghost.
Tricornhat's ghost is moderately damaged.
The gnoll is struck by your spines. The gnoll closely misses you.
You riposte.
You closely miss the gnoll.
The gnoll is moderately wounded.
You block tricornhat's ghost's attack.
You hit tricornhat's ghost.
Tricornhat's ghost is heavily damaged.
You block the gnoll's attack.
Tricornhat's ghost is struck by your spines.
Tricornhat's ghost hits you.
* * * LOW HITPOINT WARNING * * *
Unknown command.
You barely miss tricornhat's ghost.
Tricornhat's ghost is heavily damaged.
The gnoll barely misses you. You block tricornhat's ghost's attack.
Tricornhat's ghost is struck by your spines.
Tricornhat's ghost hits you!
You die...

.# .# #.## #### ...# #......
##..[# #..##g. #... #..##r#
####.# ###..##g##.# ......#
.....# ... ..##@##.# #.##..#
####.###.# #.##W##.# #.#...#
#.....# #.##o##)# #.#.#.#
###.######[##.##.# #.#.#.#
#...........##.# #.#.#.##
###########.##.######.#.#...
#.................
################## #


You could see tricornhat's ghost, 2 gnolls, an orc and a quokka.

Vanquished Creatures
  2 orc priests
  An orc wizard (D:2)
  Jessica (D:3)
  Terence (D:3)
  An adder (D:2)
  An ooze (D:2)
  2 dart slugs
  2 leopard geckos
  8 orcs
  5 giant cockroaches
  8 goblins
  5 hobgoblins
  10 jackals (D:2)
  2 quokkas
  6 bats
  2 frilled lizards
  4 kobolds
  7 rats
68 creatures vanquished.

Notes
Turn   | Place    | Note
-------+----------+-------------------------------------------
     0 | D:1      | tricornhat the Demonspawn Fighter began the quest for the Orb.
     0 | D:1      | Reached XP level 1. HP: 18/18 MP: 1/1
   195 | D:1      | Gained mutation: You have sharp fingernails. [demonic ancestry]
   195 | D:1      | Reached XP level 2. HP: 21/24 MP: 2/2
   764 | D:2      | Gained mutation: You are partially covered in sharp spines. [demonic ancestry]
   764 | D:2      | Reached XP level 3. HP: 21/29 MP: 3/3
  1225 | D:2      | Reached XP level 4. HP: 35/35 MP: 4/4
  1303 | D:2      | Reached skill level 1 in Dodging
  1570 | D:3      | Noticed Terence
  1573 | D:3      | Gained mutation: You have very sharp fingernails. [demonic ancestry]
  1573 | D:3      | Reached XP level 5. HP: 23/41 MP: 5/5
  1583 | D:3      | Killed Terence
  2061 | D:3      | Noticed Jessica
  2068 | D:3      | Killed Jessica
  2106 | D:3      | Noticed tricornhat's ghost (amateur DsFi)
  2155 | D:3      | Slain by tricornhat's ghost

Skill      XL: |  1  2  3  4 |
---------------+-------------+-----
Shields        | 3 |  3.5
Long Blades    | 2 3 |  3.6
Armour         | 3 |  3.7
Dodging        | 1 |  1.0
Fighting       | |  3.4

Action                   |  1- 3 |  4- 6 || total
-------------------------+-------+-------++-------
Melee: Long sword        |   127 |    61 ||   188
       Falchion          |       |    14 ||    14
  Use: Scroll            |       |     4 ||     4
  Eat: Chunk             |     1 |     2 ||     3
       Beef jerky        |       |     1 ||     1
Armor: Scale mail        |    52 |    20 ||    72
Dodge: Dodged            |    36 |    22 ||    58
Block: Shield            |    74 |    34 ||   108
       Rpst.: Long sword |    12 |     4 ||    16
       Falchion          |       |     2 ||     2
